 Dungeon Crawl Stone Soup version 0.29.1-1-gd02db6906a (webtiles) character file.

Game seed: 4253877171534349999

777 swilekon the Cutter (level 7, 0/49 HPs)
             Began as an Octopode Monk on Sept 17, 2022.
             Slain by an orc priest
             ... wielding a +1 vampiric war axe
              (10 damage)
             ... on level 5 of the Dungeon.
             The game lasted 00:06:28 (3913 turns).

swilekon the Cutter (Octopode Monk)                 Turns: 3913, Time: 00:06:28

Health: 0/49       AC:  1    Str: 10    XL:     7   Next: 84%
Magic:  7/7        EV: 16    Int: 13    God:
Gold:   170        SH:  6    Dex: 22    Spells: 6/6 levels left

rFire   . . .      SeeInvis .   p - +5 short sword of Lirinuug {vorpal, Will+ Dex+6}
rCold   . . .      Faith    .   c - +0 buckler
rNeg    . . .      Spirit   .   (helmet restricted)
rPois   .          Reflect  .   (no amulet)
rElec   .          Harm     .   (no ring)
rCorr   .          Rampage  .   (no ring)
Will    +....                   (no ring)
Stlth   ++++......              (no ring)
HPRegen 0.16/turn               (no ring)
MPRegen 0.10/turn               (no ring)
                                (no ring)
                                (no ring)

@: no status effects
A: almost no armour, amphibious, 8 rings, camouflage 1, gelatinous body 1,
(nimble swimmer 1), tentacles
a: no special abilities


You were on level 5 of the Dungeon.
You visited 1 branch of the dungeon, and saw 5 of its levels.

You collected 170 gold pieces.

Inventory:

Hand Weapons
 p - the +5 short sword of Lirinuug (weapon) {vorpal, Will+ Dex+6}
   (You found it on level 3 of the Dungeon)

   It inflicts extra damage upon your enemies.
   Dex:       It affects your dexterity (+6).
   Will:      It increases your willpower.
Armour
 c - a +0 buckler (worn)
Wands
 a - a wand of mindburst (12)
Scrolls
 f - 3 scrolls of magic mapping
Potions
 b - 2 potions of ambrosia
 d - a potion of magic
 i - a potion of might
 j - a potion of brilliance
 m - a potion of curing
 o - 3 potions of berserk rage


   Skills:
 + Level 4.8 Fighting
 * Level 6.1 Short Blades
 + Level 4.7 Dodging
 - Level 2.6 Stealth
 + Level 3.4 Shields


You had 6 spell levels left.
You didn't know any spells.
Your spell library contained the following spells:

 Spells                   Type           Power      Damage    Failure   Level
 Beastly Appendage        Tmut           0%         N/A       38%         1
 Ensorcelled Hibernation  Hex/Ice        0%         N/A       52%         2
 Passwall                 Tmut/Erth      0%         N/A       52%         2
 Wereblood                Tmut           0%         N/A       52%         2
 Call Canine Familiar     Summ           0%         N/A       77%         3
 Gell's Gravitas          Tloc           0%         N/A       77%         3
 Lesser Beckoning         Tloc           0%         N/A       77%         3
 Portal Projectile        Hex/Tloc       0%         N/A       77%         3
 Spider Form              Tmut/Pois      0%         N/A       77%         3
 Swiftness                Air            0%         N/A       77%         3
 Teleport Other           Tloc           0%         N/A       77%         3
 Leda's Liquefaction      Hex/Erth       0%         N/A       99%         4


Dungeon Overview and Level Annotations

Branches:
Dungeon (5/15)
 Temple: D:4-7

Altars:
Fedhas
Vehumet
The Shining One

Annotations:
D:3 exclusion: statue


Innate Abilities, Weirdness & Mutations

You cannot wear most types of armour.
You are amphibious.
You can wear up to eight rings at the same time.
Your skin changes colour to match your surroundings (Stealth+).
Your rubbery body absorbs attacks. (AC +1, EV +1)
((You are camouflaged when in or above water. (Stealth+)))
You have tentacles for arms and can constrict up to eight enemies at once.


Message History

The black bear closely misses you.
You hit the black bear. Your grab misses the black bear.
The black bear is severely wounded.
The black bear misses you. The black bear completely misses you.
The black bear claws you.
The orc priest drinks a potion.
The orc priest flickers and vanishes!
Deactivating autopickup; reactivate with Ctrl-A.
You hit the black bear.
You kill the black bear!
You hear something invoke the aid of Beogh against you.
Beogh smites you! You block the orc wizard's attack.
Your Short Blades skill increases to level 6!
You completely miss the orc wizard. Your grab misses the orc wizard.
The orc wizard hits you with a +0 dagger.
You closely miss the orc wizard. You grab the orc wizard.
You constrict the orc wizard. You block the orc wizard's attack.
You hit the orc wizard.
The orc wizard is severely wounded.
You constrict the orc wizard. You block the orc's attack.
The orc wizard misses you. Something hits you.
You hit the orc wizard.
You kill the orc wizard!
You block the orc's attack.
You hear something call down the wrath of Beogh upon you.
Beogh smites you!
* * * LOW HITPOINT WARNING * * *
You hit the orc. Your grab misses the orc. Your squeeze misses the orc.
The orc is almost dead.
You hit the orc.
You kill the orc!
You block something's attack.
You hear some strange, mumbled prayers to Beogh.
Things that are here:
a +0 dagger; a +0 robe; an orc corpse Something hits you!
* * * LOW HITPOINT WARNING * * *
Something hits you.
* * * LOW HITPOINT WARNING * * *
You feel better. Something hits you!
You die...

.......... . ##.........
.. #........## ..
.#.......## ...
.......<.# .....
#.......### .....#
#.).......#
......####.)......##
.........#..@......#
.........).##.......
#..#.......# #...>..
#......).#### ......
##...........#..#.......
.......#...#............
......#.....#.....#.....
#....#.....###.....#...
#............#.....


There were no monsters in sight!

Vanquished Creatures
  Sigmund (D:2)
  2 black bears
  A phantom (D:5)
  A scorpion (D:4)
  2 hounds
  A jelly (D:5)
  2 orc wizards (D:5)
  3 gnolls (D:3)
  3 adders
  A worm (D:4)
  The ghost of TheBeaver the Sneak, a weakling DsDe (D:4)
  3 dart slugs
  10 orcs
  8 ball pythons
  6 bats
  6 endoplasms
  5 giant cockroaches
  7 goblins
  6 hobgoblins
  2 jackals (D:3)
  4 quokkas
  5 frilled lizards
  8 kobolds
  4 rats
92 creatures vanquished.

Notes
Turn   | Place    | Note
-------+----------+-------------------------------------------
     0 | D:1      | swilekon the Octopode Monk began the quest for the Orb.
     0 | D:1      | Reached XP level 1. HP: 16/16 MP: 1/1
    90 | D:1      | Reached XP level 2. HP: 17/21 MP: 2/2
   447 | D:1      | Reached XP level 3. HP: 26/26 MP: 3/3
   650 | D:1      | Found a faded altar of an unknown god.
  1134 | D:2      | Noticed Sigmund
  1143 | D:2      | Killed Sigmund
  1144 | D:2      | Reached skill level 4 in Short Blades
  1144 | D:2      | Reached XP level 4. HP: 24/33 MP: 4/4
  1144 | D:2      | Reached XP level 5. HP: 27/37 MP: 5/5
  1615 | D:3      | Reached XP level 6. HP: 43/43 MP: 6/6
  1617 | D:3      | Found a radiant altar of Vehumet.
  2077 | D:3      | Identified the +5 short sword of Lirinuug {vorpal, Will+
                  | Dex+6}
  2326 | D:3      | Reached skill level 5 in Short Blades
  2783 | D:4      | Found a blossoming altar of Fedhas.
  3258 | D:4      | Found a glowing golden altar of the Shining One.
  3260 | D:4      | Noticed a black bear
  3267 | D:4      | Killed a black bear
  3268 | D:4      | Reached XP level 7. HP: 49/49 MP: 7/7
  3337 | D:4      | Found a large runed translucent door.
  3338 | D:4      | Found a large runed translucent door.
  3340 | D:4      | Noticed TheBeaver's ghost (weakling DsDe)
  3498 | D:4      | Killed TheBeaver's ghost
  3548 | D:5      | Entered Level 5 of the Dungeon
  3589 | D:5      | HP: 2/49 [acid (7)]
  3904 | D:5      | Reached skill level 6 in Short Blades
  3912 | D:5      | HP: 2/49 [something (1)]
  3913 | D:5      | Slain by an orc priest

Illustrated notes

Levels and vault maps discovered:
D:1:      amcnicky_arrival_feature_with_door, layout_rooms,
          shapermc_ecumenical_altar_mp_vishouse, dreamdust_princess_corridor,
          minmay_tetromino_s4
D:2:      layout_basic, grunt_ministairs_15, uniq_sigmund
D:3:      layout_basic, vehumet_statue, eino_tiny_chamber
D:4:      layout_loops_corners, fedhas_ov_isle_minmay,
          mainiacjoe_overflow_cross_hatched, ebering_ghost_disaster_area
D:5:      layout_cave_pools, skrybe_limestone_x, serial_bayou_pond_d

Skill      XL: |  1  2  3  4  5  6  7 |
---------------+----------------------+-----
Short Blades   | 4 5 6 |  6.1
Shields        | 2 3 |  3.4
Fighting       | 4 |  4.8
Dodging        | 4 |  4.7
Stealth        | |  2.6

Action                   |  1- 3 |  4- 6 |  7- 9 || total
-------------------------+-------+-------+-------++-------
Melee: Short sword       |    69 |    63 |    39 ||   171
       Constrict         |    18 |    15 |     9 ||    42
       Tentacles         |    15 |    14 |    10 ||    39
       Punch             |     1 |       |       ||     1
  Use: Scroll            |       |     5 |    10 ||    15
       Potion            |       |       |     2 ||     2
 Stab: Sleeping          |    10 |    11 |       ||    21
Armor: Skin              |     2 |     1 |     5 ||     8
Dodge: Dodged            |    33 |    28 |    23 ||    84
Block: Buckler           |     7 |     9 |    12 ||    28
